 Dungeon Crawl Stone Soup version 0.19-a0-503-g45a6586 (webtiles) character file.

17 Skanax the Grave Robber (level 2, 0/19 HPs)
             Began as a Demonspawn Necromancer on June 3, 2016.
             Slain by a worm (6 damage)
             ... on level 2 of the Dungeon on June 5, 2016.
             The game lasted 00:06:53 (1024 turns).

Skanax the Grave Robber (Demonspawn Necromancer)    Turns: 1024, Time: 00:06:54

Health: 0/19       AC:  4    Str:  8    XL:     2   Next: 44%
Magic:  0/5        EV: 12    Int: 16    God:
Gold:   48         SH:  0    Dex: 13    Spells: 2 memorised, 3 levels left

rFire  . . .     SeeInvis .     (no weapon)
rCold  . . .     Gourm    .     a - +0 robe
rNeg   . . .     Faith    .     (no shield)
rPois  .         Spirit   .     (no helmet)
rElec  .         Dismiss  .     (no cloak)
rCorr  .         Reflect  .     (no gloves)
SustAt .         Harm     .     (no boots)
MR     .....                    (no amulet)
Stlth  ++........               (no ring)
                                (no ring)

@: very slightly contaminated, not resistant to hostile enchantments, unstealthy
A: yellow scales 1
a: no special abilities


You were on level 2 of the Dungeon.
You were not hungry.

You visited 1 branch of the dungeon, and saw 2 of its levels.

You collected 48 gold pieces.

Inventory:

Armour
 a - a +0 robe (worn)
Potions
 e - a potion of agility
Books
 b - a book of Necromancy

   Spells                             Type                      Level
   a - Pain                           Necromancy                   1
   b - Animate Skeleton               Necromancy                   1
   c - Vampiric Draining              Necromancy                   3
   d - Regeneration                   Charms/Necromancy            3
   e - Animate Dead                   Necromancy                   4
   f - Control Undead                 Necromancy                   4
Comestibles
 c - 2 bread rations
 d - a chunk of flesh
 g - 2 beef jerkies


   Skills:
 + Level 0.0 Fighting
 + Level 1.7 Dodging
 - Level 1.8 Stealth
 * Level 2.3 Spellcasting
 + Level 4.9 Necromancy


You had 3 spell levels left.
You knew the following spells:

 Your Spells              Type           Power        Failure   Level  Hunger
a - Pain                  Necr           ###.         3%          1    #......
b - Animate Skeleton      Necr           N/A          3%          1    #......


Dungeon Overview and Level Annotations

Branches:
Dungeon (2/15)

Altars:


Innate Abilities, Weirdness & Mutations

You are partially covered in yellow scales. (AC +2)


Message History

You hit the worm.
The worm is severely wounded.
The worm closely misses you.
You barely miss the worm.
The worm is severely wounded.
The worm bites you but does no damage.
You barely miss the worm.
The worm is severely wounded.
You hit the worm but do no damage.
The worm is severely wounded.
The worm bites you.
You hit the worm but do no damage.
The worm is heavily wounded.
Casting: Pain
Confirm with . or Enter, or press ? or * to list all spells.
Aiming: Pain
Press: ? - help, Shift-Dir - straight line, f/p - worm
Aim: a worm (heavily wounded, chance to defeat MR: 82%)
You miscast Pain.
Nothing appears to happen.
The worm bites you.
You die...

###...## #....#
##.#.# #.#.#
#.#.#####
#.#.....##.
#..........
#..........
#..@.......
#...w......
#.........!.
.............
#.##.%....†....
# #.#.........
#.##.$...##. #.
###.###


You could see a worm.

Vanquished Creatures
  A giant gecko (D:1)
  A bat (D:1)
  A giant cockroach (D:1)
  A goblin (D:1)
  A hobgoblin (D:1)
  A kobold (D:1)
  A giant newt (D:2)
  11 rats (D:1)
18 creatures vanquished.

Vanquished Creatures (collateral kills)
  A rat (D:1)
1 creature vanquished.

Grand Total: 19 creatures vanquished

Notes
Turn   | Place    | Note
--------------------------------------------------------------
     0 | D:1      | Skanax the Demonspawn Necromancer began the quest for the Orb.
     0 | D:1      | Reached XP level 1. HP: 13/13 MP: 3/3
     0 | D:1      | Upgraded the game from 0.19-a0-465-g1d1674b to 0.19-a0-503-g45a6586
     6 | D:1      | Noticed a rime drake
     6 | D:1      | Noticed a lindwurm
     6 | D:1      | Noticed an anaconda
     7 | D:1      | Noticed a wolf
     7 | D:1      | Noticed a worker ant
    52 | D:1      | Learned a level 1 spell: Animate Skeleton
   441 | D:1      | Gained mutation: You are partially covered in yellow scales. (AC +2) [demonic ancestry]
   441 | D:1      | Reached XP level 2. HP: 15/19 MP: 0/5
  1024 | D:2      | Slain by a worm

Vault maps used:
D:1:      onia_arrival_zoo_common, kennysheep_small_spiral,
          minmay_rat_gold_closets
D:2:      gammafunk_temple_overflow_pools, uniq_robin

Action                   || total
-------------------------++-------
Melee: Unarmed           ||    10
 Cast: Pain              ||    27
       Animate Skeleton  ||    10
  Use: Scroll            ||     3
       Potion            ||     2
  Eat: Chunk             ||     1
Armor: Robe              ||     1
Dodge: Dodged            ||     5
